 Dungeon Crawl Stone Soup version 0.20.1-1-g8b1a95d (webtiles) character file.

177 Monsterracer the Digger (level 5, -12/42 HPs)
             Began as a Gargoyle Earth Elementalist on Oct 17, 2017.
             Mangled by a crocodile (13 damage)
             ... in a sewer.
             The game lasted 00:05:43 (3813 turns).

Monsterracer the Digger (GrEE)                      Turns: 3813, Time: 00:05:44

Health: -12/42     AC:  6    Str: 16    XL:     5   Next: 57%
Magic:  0/9        EV: 12    Int: 17    God:
Gold:   39         SH:  0    Dex: 10    Spells: 4/10 levels left

rFire    . . .     SeeInvis .   a - -2 club (curse)
rCold    + . .     Gourm    .   (no shield)
rNeg     + . .     Faith    .   c - +0 robe
rPois    ∞         Spirit   .   (no helmet)
rElec    +         Reflect  .   (no cloak)
rCorr    .         Harm     .   (no gloves)
MR       .....                  (no boots)
Stlth    ..........             (no amulet)
Regen    0.2/turn               p - ring of protection from cold
MPRegen  0.2/turn               (no ring)

@: berserking, very quick
A: negative energy resistance 1, electricity resistance, unbreathing,
petrification resistance, rot immunity, AC +4
a: no special abilities


You were in a sewer.
You were not hungry.

You visited 1 branch of the dungeon, and saw 3 of its levels.
You also visited: Sewer.

You collected 39 gold pieces.

Inventory:

Hand Weapons
 a - a cursed -2 club (weapon)
 i - a +0 spear
 l - a +0 long sword
 m - a +0 flail
 r - a +1 dagger of venom
Missiles
 b - 91 stones (quivered)
Armour
 c - a +0 robe (worn)
 g - a +0 buckler
 j - a +2 ring mail of cold resistance
Jewellery
 p - a ring of protection from cold (left hand)
Potions
 f - a potion of magic
 h - 2 potions of brilliance
 k - a potion of agility
 q - a potion of haste {unknown}
 t - 2 potions of degeneration {unknown}
Books
 e - a book of Geomancy

   Spells                             Type                      Level
   a - Sandblast                      Earth                        1
   b - Passwall                       Transmutation/Earth          2
   c - Stone Arrow                    Conjuration/Earth            3
   d - Petrify                        Transmutation/Earth          4
   e - Lee's Rapid Deconstruction     Earth                        5
Comestibles
 d - 4 bread rations
 n - a royal jelly
 s - 2 chunks of flesh
 u - 2 meat rations


   Skills:
 - Level 1.5 Dodging
 - Level 2.1 Stealth
 + Level 3.1 Spellcasting
 - Level 0.7 Transmutations
 * Level 6.5 Earth Magic


You had 4 spell levels left.
You knew the following spells:

 Your Spells              Type           Power        Failure   Level  Hunger
a - Sandblast             Erth           ###...       1%          1    None
b - Passwall              Tmut/Erth      ###.......   6%          2    ##.....
c - Stone Arrow           Conj/Erth      ##....       14%         3    ###....


Dungeon Overview and Level Annotations

Branches:
Dungeon (3/15)

Altars:
Qazlal
Ru
Trog


Innate Abilities, Weirdness & Mutations

You are resistant to torment.
Your stone body is resilient. (AC +4)
You are immune to poison.
You resist negative energy. (rN+)
You are resistant to electric shocks. (rElec)
You can survive without breathing.
You are immune to petrification.
You are immune to rotting.


Message History

Casting: Stone Arrow
Confirm with . or Enter, or press ? or * to list all spells.
Aiming: Sandblast
Press: ? - help, Shift-Dir - straight line, f/p - crocodile
Aim: a crocodile (severely wounded)
The blast of sand hits the crocodile.
The crocodile is severely wounded.
b - 92 stones
* * * LOW MAGIC WARNING * * *
The crocodile barely misses you. The crocodile bites you!
* * * LOW HITPOINT WARNING * * *
Huge Dmg: -32%(-9hp) hp: 33%(9hp)
Casting: Sandblast
Confirm with . or Enter, or press ? or * to list all spells.
Aiming: Sandblast
Press: ? - help, Shift-Dir - straight line, f/p - crocodile
Aim: a crocodile (severely wounded)
The blast of sand hits the crocodile.
The crocodile is almost dead.
b - 91 stones
* * * LOW MAGIC WARNING * * *
The crocodile bites you!
* * * LOW HITPOINT WARNING * * *
Huge Dmg: -29%(-8hp) hp: 4%(1hp)
Okay, then.
It was a potion of berserk rage.
A red film seems to cover your vision as you go berserk!
You feel yourself moving faster!
You feel mighty! The crocodile bites you!
You die...

### #≈# ######≈#
######## #...##≈##
###.≈..≈.###
#.∩.#.≈.#
###.....≈....##
#.∩.).≈.#
###...≈.####.....
#(..(.)(###.....###
###..≈
#####.≈.≈≈@t.≈.##
##≈≈
#.....≈≈###.≈...#
.. #.....≈.#
###...≈.# .≈
#...#.≈.# ###.≈.≈.
## #...##≈## ##.≈..
##.###≈# ####
#..##≈# #..##≈#
#..####


You could see a crocodile.

Vanquished Creatures
  An ogre (D:2)
  4 adders
  A worm (D:2)
  A dart slug (D:1)
  3 leopard geckos
  An orc (D:3)
  3 giant cockroaches
  4 goblins (D:1)
  7 hobgoblins
  3 jackals
  4 bats (D:1)
  4 frilled lizards (D:1)
  7 kobolds
  6 rats
49 creatures vanquished.

Notes
Turn   | Place    | Note
-------+----------+-------------------------------------------
     0 | D:1      | Monsterracer the Gargoyle Earth Elementalist began the quest for the Orb.
     0 | D:1      | Reached XP level 1. HP: 10/10 MP: 3/3
    86 | D:1      | Reached skill level 4 in Earth Magic
    86 | D:1      | Reached XP level 2. HP: 11/15 MP: 3/5
   174 | D:1      | Learned a level 1 spell: Sandblast
   865 | D:1      | HP: 5/15 [frilled lizard (3)]
  1100 | D:1      | HP: 7/15 [jackal (3)]
  1102 | D:1      | HP: 3/15 [jackal (1)]
  1251 | D:1      | HP: 7/15 [leopard gecko (3)]
  1572 | D:1      | Reached XP level 3. HP: 12/19 MP: 4/6
  1577 | D:1      | Learned a level 3 spell: Stone Arrow
  1692 | D:1      | Learned a level 2 spell: Passwall
  2322 | D:2      | Reached skill level 5 in Earth Magic
  2653 | D:2      | Found a stormy altar of Qazlal.
  2813 | D:2      | Found a bloodstained altar of Trog.
  2829 | D:2      | Found a sacrificial altar of Ru.
  2926 | D:2      | Noticed an ogre
  2931 | D:2      | Killed an ogre
  2931 | D:2      | Reached skill level 6 in Earth Magic
  2931 | D:2      | Reached XP level 4. HP: 22/24 MP: 3/8
  2931 | D:2      | Reached XP level 5. HP: 26/28 MP: 3/9
  3574 | D:3      | Found a glowing drain.
  3613 | Sewer    | Entered a sewer
  3789 | Sewer    | Noticed a crocodile
  3807 | Sewer    | HP: 9/28 [crocodile (9)]
  3812 | Sewer    | HP: 1/28 [crocodile (8)]
  3813 | Sewer    | Mangled by a crocodile

Skill      XL: |  1  2  3 |
---------------+----------+-----
Earth Magic    | 4 6 |  6.5
Spellcasting   | 3 |  3.1
Dodging        | |  1.5
Stealth        | |  2.1
Transmutations | |  0.7

Action                   |  1- 3 |  4- 6 || total
-------------------------+-------+-------++-------
Melee: Unarmed           |    32 |       ||    32
       Club              |   198 |    74 ||   272
 Cast: Sandblast         |    18 |    15 ||    33
       Stone Arrow       |     1 |     4 ||     5
  Use: Scroll            |     6 |     1 ||     7
       Potion            |       |     1 ||     1
 Stab: Sleeping          |     4 |       ||     4
  Eat: Chunk             |     7 |     3 ||    10
Armor: Robe              |   108 |    35 ||   143
Dodge: Dodged            |   200 |    76 ||   276

Vault maps used:
D:1:      dpeg_arrival_arbitrary_c
D:2:      nicolae_overflow_hidden_temple, nicolae_overflow_crystal_walls,
          first_bread, serial_bayou_pond_c, trog_three_pillars_becter
D:3:      gup_sewer_entry_glass
Sewer:    sewer_the_crocodile
